 Dungeon Crawl Stone Soup version 0.25.1-2-g60ff931df9 (webtiles) character file.

Game seed: 11432341942419407375

645702 Johnny the Metallomancer (level 26, -27/159 HPs)
             Began as a Demigod Earth Elementalist on Oct 6, 2020.
             Killed from afar by a torturous blood saint (33 damage)
             ... with an iceblast
             ... on level 13 of a ziggurat.
             The game lasted 03:11:08 (83890 turns).

Johnny the Metallomancer (DgEE)                    Turns: 83890, Time: 03:11:08

Health: -27/159    AC: 15    Str: 10 (12) XL:     26   Next: 29%
Magic:  34/55      EV: 11    Int: 44 (47) God:
Gold:   3401       SH:  5    Dex:  3 (9)  Spells: 5/68 levels left

rFire    + + .     SeeInvis +   T - staff of earth
rCold    + . .     Gourm    .   z - +2 buckler {AC+3}
rNeg     . . .     Faith    .   O - +2 robe "Faso Yja" {Harm rPois MR+ Dex-3}
rPois    +         Spirit   .   U - +2 helmet {SInv}
rElec    +         Reflect  .   C - scarf {repulsion}
rCorr    +         Harm     +   S - +2 pair of gloves {Dex+3}
MR       +++..     Rnd*Rage +   I - +1 pair of boots "Ebbaer" {rF+ Int+4} Stlth +.........NoTele +
                                M - amulet "Roipied" {RegenMP rC+ Int+4}
HPRegen  0.36/turn              K - ring of Mof Iw Mah {rElec rPois rCorr Str+3 Dex-3}
MPRegen  0.59/turn              u - +6 ring of intelligence

@: cannot translocate, contaminated, hasted, glowing, lightly drained, repel
missiles, very quick
A: [berserk 3], [blurry vision 3], clever 1, [clumsy 2], [deterioration 2],
[dopey 2], fire resistance 1, [frail 3], high mp 1, screaming 1[+2], weak 1,
evolution 1, [subdued magic 2]
}: 3/15 runes: decaying, silver, gossamer
a: no special abilities


You were on level 13 of a ziggurat.
You were very full.

You visited 8 branches of the dungeon, and saw 44 of its levels.
You visited the Abyss 1 time.
You visited 1 ziggurat, and saw 13 of its levels.
You also visited: Gauntlet and Ice Cave.

You collected 9353 gold pieces.
You spent 5952 gold pieces at shops.

Inventory:

Hand Weapons
 a - the cursed +2 morningstar "Ywosyom" {antimagic, rC+, unknown}
   (You found it on level 5 of a ziggurat)

   It reduces the magical energy of the wielder, and disrupts the spells and
   magical abilities of those hit.
   Natural abilities and divine invocations are not affected.
   It protects you from cold.
   It has a curse placed upon it.
 y - the +6 falchion "Beast's Foe" {vorpal, Stlth+}
   (You found it on level 1 of the Elven Halls)

   It inflicts extra damage upon your enemies.
   It makes you more stealthy.
Missiles
 P - 446 stones (quivered)
Armour
 z - a +2 buckler of protection (worn)
 C - a scarf of repulsion (worn)
 I - the +1 pair of boots "Ebbaer" (worn) {rF+ Int+4}
   (You found it on level 3 of the Elven Halls)

   It affects your intelligence (+4).
   It protects you from fire.
 O - the +2 robe "Faso Yja" (worn) {Harm rPois MR+ Dex-3}
   (You found it on level 9 of the Dungeon)

   It affects your dexterity (-3).
   It protects you from poison.
   It affects your resistance to hostile enchantments.
   It increases damage dealt and taken.
 S - a +2 pair of gloves of dexterity (worn)
 U - a +2 helmet of see invisible (worn)
 Y - the +1 cloak of the Eternal Fruit {*Slow rN+ Str+2 Dex+4 SInv}
   (You found it on level 5 of the Vaults)

   It affects your strength (+2).
   It affects your dexterity (+4).
   It protects you from negative energy.
   It lets you see invisible.
   It may slow you when you take damage.
Magical Staves
 T - an uncursed staff of earth (weapon)
 W - an uncursed staff of energy
Jewellery
 c - an uncursed amulet of regeneration
 k - the ring "Woazxusm" {rN+ EV+4, unknown}
   (You found it on level 10 of a ziggurat)

   [ring of evasion]

   It affects your evasion (+4).
   It protects you from negative energy.
 s - a cursed -4 ring of intelligence
 u - a +6 ring of intelligence (right hand)
 v - the ring "Hoan" {Wiz +Blink rF- rN+}
   (You found it on level 3 of the Elven Halls)

   [ring of wizardry]

   It improves your spell success rate.
   It makes you vulnerable to fire.
   It protects you from negative energy.
   It lets you blink.
 A - the amulet of Etuhuysigoy {RegenMP rPois Int+2 Dex+3, unknown}
   (You found it on level 9 of a ziggurat)

   [amulet of magic regeneration]

   It increases your magic regeneration.
   It affects your intelligence (+2).
   It affects your dexterity (+3).
   It protects you from poison.
 K - the ring of Mof Iw Mah (left hand) {rElec rPois rCorr Str+3 Dex-3}
   (You found it on level 15 of the Dungeon)

   [ring of resist corrosion]

   It affects your strength (+3).
   It affects your dexterity (-3).
   It insulates you from electricity.
   It protects you from poison.
   It provides partial protection from all sources of acid and corrosion.
 M - the amulet "Roipied" (around neck) {RegenMP rC+ Int+4}
   (You took it off a deep elf annihilator on level 3 of the Depths)

   [amulet of magic regeneration]

   It increases your magic regeneration.
   It affects your intelligence (+4).
   It protects you from cold.
Wands
 q - a wand of digging (2)
 F - a wand of iceblast (4)
Scrolls
 f - 35 scrolls of remove curse
 g - 19 scrolls of teleportation
 m - 5 scrolls of immolation
 n - 7 scrolls of fog
 p - 3 scrolls of noise
 r - 9 scrolls of fear
 H - 10 scrolls of magic mapping
 J - 7 scrolls of blinking
 L - 2 scrolls of enchant armour
 R - a scroll of vulnerability
Potions
 b - 8 potions of mutation
 e - 6 potions of brilliance
 h - 9 potions of might
 i - 4 potions of lignification
 j - 14 potions of curing
 l - 3 potions of berserk rage
 t - 2 potions of resistance
 w - 2 potions of ambrosia
 G - 8 potions of flight
 Q - a potion of haste
Miscellaneous
 x - a tin of tremorstones (2/3)
 B - a phial of floods (inert)
 V - a lightning rod (4/4)
 Z - a phantom mirror
Comestibles
 d - 49 rations


   Skills:
 - Level 17.0(16.5) Fighting
 - Level 1.7(1.4) Armour
 - Level 2.8(2.5) Dodging
 - Level 1.7(1.4) Stealth
 - Level 3.5(3.2) Shields
 - Level 21.6(21.1) Spellcasting
 + Level 11.4(11.0) Conjurations
 - Level 17.4(17.0) Translocations
 - Level 0.8(0.5) Transmutations
 - Level 11.2(10.8) Fire Magic
 - Level 21.7(21.2) Earth Magic


You had 5 spell levels left.
You knew the following spells:

 Your Spells              Type           Power        Failure   Level  Hunger
a - Sandblast             Erth           ######       0%          1    None
b - Stone Arrow           Conj/Erth      ######       0%          3    None
c - Lee's Rapid Deconstr  Erth           ########..   0%          5    None
d - Petrify               Tmut/Erth      #######.     0%          4    None
e - Blink                 Tloc           N/A          0%          2    None
f - Sublimation of Blood  Necr           ####......   1%          2    None
g - Borgnjor's Vile Clut  Necr/Erth      #######...   1%          5    None
h - Swiftness             Chrm/Air       ####....     1%          2    None
i - Controlled Blink      Tloc           N/A          1%          8    None
j - Apportation           Tloc           ######       0%          1    None
k - Statue Form           Tmut/Erth      #######..    1%          6    None
l - Shroud of Golubria    Chrm/Tloc      ######       0%          2    None
m - Conjure Ball Lightni  Conj/Air       ######....   4%          6    None
n - Fire Storm            Conj/Fire      ######....   99%         9    ###....
o - Malign Gateway        Summ/Tloc      ######....   8%          7    None

Your spell library contained the following spells:

 Spells                   Type           Power        Failure   Level  Hunger
 Foxfire                  Conj/Fire      ####         0%          1    None
 Shock                    Conj/Air       ####         0%          1    None
 Passwall                 Tmut/Erth      #######.     0%          2    None
 Searing Ray              Conj           ######       0%          2    None
 Gell's Gravitas          Tloc           #######...   0%          3    None
 Lesser Beckoning         Tloc           #######...   0%          3    None
 Recall                   Summ/Tloc      N/A          0%          3    None
 Teleport Other           Tloc           #######.     0%          3    None
 Iskenderun's Mystic Bla  Conj/Tloc      #######.     0%          4    None
 Passage of Golubria      Tloc           N/A          0%          4    None
 Bolt of Magma            Conj/Fire/Erth ########..   0%          5    None
 Animate Skeleton         Necr           N/A          1%          1    None
 Beastly Appendage        Tmut           ####..       1%          1    None
 Corona                   Hex            ####...      1%          1    None
 Freeze                   Ice            ####         1%          1    None
 Infusion                 Chrm           ####         1%          1    None
 Pain                     Necr           ####         1%          1    None
 Sting                    Tmut/Pois      ####         1%          1    None
 Summon Butterflies       Summ           ####....     1%          1    None
 Summon Small Mammal      Summ           ####         1%          1    None
 Call Imp                 Summ           ####....     1%          2    None
 Corpse Rot               Necr/Air       N/A          1%          2    None
 Ensorcelled Hibernation  Hex/Ice        ####..       1%          2    None
 Poisonous Vapours        Pois/Air       ####..       1%          2    None
 Song of Slaying          Chrm           ####....     1%          2    None
 Sticks to Snakes         Tmut           ####....     1%          2    None
 Call Canine Familiar     Summ           ####....     1%          3    None
 Confusing Touch          Hex            ####....     1%          3    None
 Dazzling Flash           Conj/Hex       ######       1%          3    None
 Frozen Ramparts          Ice            ####..       1%          3    None
 Ignite Poison            Fire/Tmut/Pois ######..     1%          3    None
 Mephitic Cloud           Conj/Pois/Air  #####...     1%          3    None
 Ozocubu's Armour         Chrm/Ice       ####....     1%          3    None
 Spectral Weapon          Hex/Chrm       ####....     1%          3    None
 Spider Form              Tmut/Pois      ####......   1%          3    None
 Static Discharge         Conj/Air       ######..     1%          3    None
 Tukima's Dance           Hex            ####....     1%          3    None
 Vampiric Draining        Necr           ####......   1%          3    None
 Hailstorm                Conj/Ice       ######..     1%          4    None
 Irradiate                Conj/Tmut      ######....   1%          5    None
 Iskenderun's Battlesphe  Conj/Chrm      ######..     1%          5    None
 Lightning Bolt           Conj/Air       ######....   1%          5    None
 Summon Forest            Summ/Tloc      ######....   1%          5    None
 Airstrike                Air            ####......   2%          4    None
 Animate Dead             Necr           N/A          2%          4    None
 Cause Fear               Hex            ####......   2%          4    None
 Dispel Undead            Necr           ####....     2%          4    None
 Ice Form                 Ice/Tmut       ####....     2%          4    None
 Olgreb's Toxic Radiance  Pois           ####....     2%          4    None
 Summon Ice Beast         Ice/Summ       ####....     2%          4    None
 Summon Lightning Spire   Summ/Air       ####....     2%          4    None
 Blade Hands              Tmut           ####......   7%          5    None
 Alistair's Intoxication  Tmut/Pois      ####....     8%          5    None
 Yara's Violent Unravell  Hex/Tmut       ####......   8%          5    None
 Agony                    Necr           ####....     9%          5    None
 Aura of Abjuration       Summ           ####......   9%          5    None
 Excruciating Wounds      Chrm/Necr      ####......   9%          5    None
 Metabolic Englaciation   Hex/Ice        ####......   9%          5    None
 Silence                  Hex/Air        ####......   9%          5    None
 Summon Demon             Summ           ####......   9%          5    None
 Summon Mana Viper        Hex/Summ       ####....     9%          5    None
 Iron Shot                Conj/Erth      ########..   1%          6    None
 Orb of Destruction       Conj           ######....   2%          7    None
 Lehudib's Crystal Spear  Conj/Erth      ########..   2%          8    None
 Freezing Cloud           Conj/Ice/Air   #####.....   11%         6    None
 Spellforged Servitor     Conj/Summ      ######....   30%         7    None
 Eringya's Noxious Bog    Tmut/Pois      ####......   45%         6    None
 Darkness                 Hex            ####......   50%         6    None
 Death Channel            Necr           ####......   50%         6    None
 Invisibility             Hex            ####....     50%         6    None
 Shadow Creatures         Summ           N/A          50%         6    None
 Simulacrum               Ice/Necr       ####......   50%         6    None
 Dragon Form              Tmut           ####......   95%         7    None
 Chain Lightning          Conj/Air       ######....   95%         8    None
 Summon Hydra             Summ           ####......   98%         7    None
 Absolute Zero            Ice            ####......   100%        9    ###....
 Dragon's Call            Summ           ####......   100%        9    ###....
 Tornado                  Air            ####......   100%        9    ###....


Dungeon Overview and Level Annotations

Branches:
Dungeon (15/15)            Temple (0/1) D:4            Lair (6/6) D:9
  Swamp (4/4) Lair:3       Spider (4/4) Lair:2        Slime (0/5) Lair:6
    Orc (2/2) D:9             Elf (3/3) Orc:2        Vaults (5/5) D:14
  Crypt (0/3) Vaults:2     Depths (5/5) D:15            Zot (0/5) Depths:5
  IceCv (visited)         Gauntlet (visited)

Shops:
D:8 !   D:14 [   Orc:2 [*(=   Elf:1 [?   Elf:2 *   Vaults:2 :

Portals:
Hell: Depths:1 Depths:2 Depths:3 Depths:4 Depths:5
Abyss: Depths:1 Depths:2 Depths:3 Depths:4
Pandemonium: Depths:3 Depths:4 Depths:5

Annotations:
Elf:1 6 runed translucent doors
Depths:5 6 runed translucent doors


Innate Abilities, Weirdness & Mutations

You have an increased reservoir of magic. (+10% MP)
Your mind is acute. (Int +2)
Your flesh is heat resistant. (rF+)
You are weak. (Str -2)
You evolve.
[You have an uncontrollable temper.]
[Scrolls take you much longer to read.]
[You are very clumsy. (Dex -4)]
[Your body often deteriorates upon taking damage.]
[You are very dopey. (Int -4)]
[You are extremely frail. (-30% HP)]
[You frequently scream uncontrollably at your foes.]
[Your spells are easier to cast, but less powerful.]


Message History

You feel better.
The torturous demonspawn is lost in a daze.
The infernal corrupter calls forth creatures from the Spider Nest!
Unknown command.
Unknown command.
The Executioner gestures.
The Executioner seems to speed up.
The vampire knight is lost in a daze.
The gelid warmonger is lost in a daze.
Unknown command.
Unknown command.
The monstrous corrupter is lost in a daze.
The infernal corrupter is lost in a daze.
The gelid warmonger is lost in a daze.
The vampire knight is lost in a daze.
Unknown command.
Unknown command.
The torturous blood saint conjures a destructive force in the name of Makhleb!
The fireball explodes!
The fireball engulfs you! You resist.
* * * LOW HITPOINT WARNING * * *
The mass of ice explodes!
The iceblast engulfs you!! You partially resist.
You die...

▓▓......2.
▓.........
▓..........
▓▓...........
▓..∩.....R......
▓▓......3.2......
▓.......2.6.....
▓........1.A....
▓▓@..6..........
▓▓.611.........
▓▓.....V......
▓▓6((.62.....
▓▓▓..y......
▓▓▓▓▓▓.▓▓▓


You could see 2 Tzitzimimeh, a gelid warmonger (fast, icemail, dazed), a ghost
moth (summoned, invisible), a vampire knight (summoned, invisible, dazed), 2
demonspawn, an Executioner (fast), 2 blizzard demons, a rakshasa (strong), a
torturous blood saint (fast, dazed) and a neqoxec.

Vanquished Creatures
  Mennas (Vaults:3)
  2 juggernauts
  An ancient lich (Depths:3)
  Frederick (Depths:4)
  A Killer Klown (Zig:9)
  the Lernaean hydra (Swamp:4)
  Nikola (Depths:2)
  5 golden dragons
  3 bone dragons
  Arachne (Spider:4)
  6 liches
  3 tentacled monstrosities (Vaults:5)
  An Ice Fiend (Zig:7)
  3 deep elf blademasters
  3 quicksilver dragons
  2 deep elf master archers (Elf:3)
  3 titans (Vaults:5)
  5 tentacled starspawn
  A sphinx (shapeshifter) (Depths:4)
  Agnes (Spider:2)
  21 tengu reavers
  4 shadow dragons
  A thorn hunter (Swamp:4)
  Kirke (Lair:6)
  Roxanne (Spider:4)
  5 storm dragons
  A draconian monk (Depths:5)
  5 sphinxes
  A storm dragon (shapeshifter) (Vaults:5)
  A shadow dragon (shapeshifter) (Depths:1)
  Donald (Swamp:3)
  14 frost giants
  11 fire giants
  A draconian knight (Depths:5)
  7 vault wardens
  Aizul (Vaults:2)
  2 deep elf sorcerers
  3 orc warlords
  4 iron dragons
  3 draconian shifters
  4 emperor scorpions
  3 ghost moths
  A balrug (Depths:1)
  Louise (Elf:2)
  A spriggan defender (Depths:3)
  A draconian scorcher (Abyss:1)
  A cacodemon (Zig:10)
  A juggernaut zombie (Depths:2)
  A draconian annihilator (Zig:4)
  A stone giant (shapeshifter) (Depths:4)
  5 war gargoyles
  9 ironheart preservers
  8 deep elf elementalists
  25 stone giants
  4 entropy weavers
  4 green draconians (Depths:5)
  14 very ugly things
  13 deep elf demonologists
  A purple draconian (Depths:5)
  6 yellow draconians (Depths:5)
  4 black draconians
  A red draconian (Depths:5)
  13 deep elf annihilators
  2 lorocyprocas (Depths:4)
  A minotaur (Gauntlet)
  5 spark wasps
  A white draconian (Depths:5)
  5 deep elf death magi
  An eidolon (Abyss:1)
  Josephine (D:10)
  4 crystal guardians
  5 deep elf high priests
  The ghost of Feamnylu the Grappler, a journeyman TrAK of Lugonu (D:11)
  13 fire dragons
  A death ooze (Lair:6)
  An ice dragon (shapeshifter) (Depths:4)
  16 yaktaur captains
  17 ettins
  6 ogre magi
  6 great orbs of eyes
  Fannar (Lair:2)
  A monstrous demonspawn (Depths:5)
  2 juggernaut simulacra (Depths:4)
  32 vault guards
  26 hydras
  6 ice dragons
  5 rakshasas
  3 anacondas
  4 shambling mangroves
  8 spriggan air magi
  A catoblepas (Depths:4)
  4 ghost crabs
  29 two-headed ogres
  2 death knights
  13 centaur warriors
  11 alligators
  A death yak (IceCv)
  8 tengu warriors
  27 dancing weapons
  7 deep troll earth magi
  A queen ant (D:11)
  4 deep troll shamans
  2 vampire magi
  Urug (D:12)
  2 spriggan berserkers (Depths:3)
  6 thrashing horrors
  A naga sharpshooter (Zig:5)
  Nergalle (D:12)
  6 orc high priests
  A shock serpent (shapeshifter) (Zig:2)
  4 wretched stars
  5 sun demons
  3 skeletal warriors (Vaults:2)
  12 hell knights
  11 large abominations
  17 deep elf knights
  An iron troll (shapeshifter) (Depths:3)
  3 sixfirhies
  An iron troll (Depths:2)
  A shadow wraith (Vaults:5)
  5 glowing orange brains
  A golden dragon zombie (Depths:2)
  An unseen horror (shapeshifter) (Vaults:4)
  12 deep trolls
  An infernal demonspawn (Depths:5)
  9 starcursed masses
  16 ironbrand convokers
  10 swamp dragons
  6 flayed ghosts
  16 deep elf archers
  A spriggan druid (Swamp:4)
  5 wizards
  2 unseen horrors
  A golden dragon skeleton (Depths:2)
  3 lindwurms (Swamp:4)
  7 necromancers
  5 phantasmal warriors
  4 harpies (Vaults:5)
  2 orb spiders (shapeshifter)
  19 orc knights
  18 orb spiders
  29 wolf spiders
  63 deep elf magi
  A mana viper (Zig:5)
  6 orc sorcerers
  59 ugly things
  3 moths of wrath
  2 cyclopes
  11 elephants
  A guardian serpent (Zig:5)
  An apocalypse crab (Zig:9)
  2 worldbinders (Abyss:1)
  A black mamba (shapeshifter) (Abyss:1)
  2 ice statues
  12 black mambas
  A human skeleton (Vaults:4)
  4 naga magi
  Maurice (D:8)
  An eye of devastation (Depths:1)
  Psyche (D:10)
  A water nymph (shapeshifter) (Vaults:2)
  11 vault sentinels
  A torpor snail (Spider:3)
  6 smoke demons
  2 gargoyles
  7 rime drakes
  2 spiny frogs (shapeshifter)
  2 orange demons (Abyss:1)
  A spriggan skeleton (Zig:8)
  21 spiny frogs
  A hellion (Depths:5)
  Maggie (D:8)
  2 yaktaurs (shapeshifter)
  44 yaktaurs
  7 freezing wraiths
  5 efreet
  A tormentor (Zig:13)
  8 komodo dragons
  7 demonic crawlers
  10 ancient zymes
  4 hellwings (Abyss:1)
  4 guardian mummies (Depths:3)
  A queen bee (D:11)
  A wind drake (shapeshifter) (Depths:3)
  22 polar bears
  3 meliai (D:12)
  A merfolk (shapeshifter) (Vaults:5)
  10 trolls
  A tyrant leech (shapeshifter) (D:15)
  A merfolk (D:9)
  Grinder (D:6)
  3 tengu conjurers
  36 hornets
  29 jumping spiders
  A jumping spider (shapeshifter) (Vaults:5)
  10 tyrant leeches
  15 hippogriffs
  5 raiju (Abyss:1)
  3 dream sheep (Lair:5)
  20 slime creatures
  11 bog bodies
  33 blink frogs
  3 air elementals
  13 water elementals
  Sigmund (D:5)
  51 redbacks
  22 spriggans
  3 ynoxinuls
  An ettin skeleton (Vaults:4)
  14 tarantellas
  5 flying skulls (Gauntlet)
  52 yaks
  A spriggan (shapeshifter) (Depths:4)
  5 wraiths
  9 wyverns
  A wyvern (shapeshifter) (Depths:4)
  5 vampires
  6 shadows
  2 redbacks (shapeshifter)
  A tarantella (shapeshifter) (Depths:2)
  3 fire elementals
  8 basilisks
  2 hungry ghosts
  A hog (Lair:6)
  Grum (D:10)
  A golden eye (Zig:10)
  A human (shapeshifter) (Vaults:4)
  A neqoxec (Abyss:1)
  2 chaos spawn (Zig:9)
  Menkaure (D:5)
  21 vampire mosquitoes
  7 wargs
  3 acid dragons
  A harpy simulacrum (Depths:4)
  22 swamp worms
  4 insubstantial wisps (Swamp:4)
  5 hell hounds (Abyss:1)
  A human zombie (Vaults:4)
  20 soldier ants (D:11)
  25 water moccasins
  A floating eye (shapeshifter) (Vaults:5)
  A floating eye (Depths:1)
  9 swamp drakes
  7 porcupines
  6 black bears
  56 orc warriors
  2 eyes of draining
  A hornet zombie (D:15)
  A phantom (D:8)
  10 ice beasts
  7 sky beasts
  11 boggarts
  26 ogres
  41 wolves
  11 centaurs
  Blork the orc (D:6)
  2 big kobolds
  6 crocodiles
  18 small abominations
  18 bullfrogs
  5 earth elementals
  2 wyvern skeletons
  A water moccasin skeleton (D:4)
  A scorpion (shapeshifter) (Vaults:5)
  2 scorpions
  A human simulacrum (Vaults:3)
  11 killer bees (D:12)
  4 electric eels
  7 wights
  5 howler monkeys
  10 crimson imps
  2 bullfrog zombies
  7 centaur skeletons
  5 centaur zombies
  Crazy Yiuf (D:6)
  4 hounds
  13 jellies
  A gnoll shaman (D:7)
  36 orc priests
  2 bullfrog skeletons
  28 orc wizards
  An iron imp (Abyss:1)
  3 iguanas
  Ijyb (D:5)
  22 worker ants
  4 hell rats (Lair:6)
  A hound skeleton (D:9)
  5 mummies
  A worker ant zombie (D:7)
  7 gnolls
  10 adders
  4 river rats (Lair:6)
  8 shadow imps
  16 white imps
  2 ufetubi (Abyss:1)
  2 oozes (Lair:6)
  An adder skeleton (D:10)
  An adder zombie (D:5)
  2 worms
  A dart slug (D:3)
  4 leopard geckos
  169 orcs
  8 giant cockroaches
  14 goblins
  6 hobgoblins
  9 jackals
  2 quokkas
  2 ball pythons
  4 bats
  3 frilled lizards
  A jackal skeleton (D:5)
  A jackal zombie (D:6)
  11 kobolds
  A leopard gecko skeleton (D:7)
  A quokka skeleton (D:4)
  8 rats
  A crawling corpse (Elf:3)
  A fungus (Lair:5)
  2 plants
  2 starspawn tentacles (Abyss:1)
2365 creatures vanquished.

Vanquished Creatures (collateral kills)
  A Killer Klown (Zig:9)
  A golden dragon (Vaults:5)
  A caustic shrike (shapeshifter) (Zig:9)
  An iron dragon (Vaults:5)
  A stone giant (Depths:1)
  The ghost of SnubMonkey the Brawler, a journeyman VSFi of Cheibriados (Lair:6)
  A vault guard (Vaults:5)
  3 death yaks (Lair:5)
  A ball lightning (Zig:10)
  A torpor snail (Lair:5)
  A spriggan zombie (Zig:8)
  A dream sheep (Lair:5)
14 creatures vanquished.

Vanquished Creatures (others)
  39 ball lightnings
  A rime drake (Lair:6)
  A komodo dragon (Lair:6)
  A wolf (Lair:6)
  A wyvern (Lair:6)
  4 humans (Lair:6)
  A chaos spawn (Zig:11)
  2 jellies (Lair:6)
  2 crawling corpses (Elf:3)
  11 fungi
  9 plants
  11 starspawn tentacles
83 creatures vanquished.

Grand Total: 2462 creatures vanquished

Notes
Turn   | Place    | Note
-------+----------+-------------------------------------------
     0 | D:1      | Johnny the Demigod Earth Elementalist began the quest for
                  | the Orb.
     0 | D:1      | Reached XP level 1. HP: 14/14 MP: 5/5
   444 | D:1      | Reached XP level 2. HP: 16/20 MP: 7/7
  1268 | D:2      | Found a glowing silver altar of Zin.
  1322 | D:2      | Found a shimmering altar of Xom.
  1323 | D:2      | Found a shimmering altar of Xom.
  1356 | D:2      | Found a shimmering altar of Xom.
  1356 | D:2      | Found a shimmering altar of Xom.
  1598 | D:3      | Found a snail-covered altar of Cheibriados.
  1698 | D:3      | Reached XP level 3. HP: 26/26 MP: 7/9
  1866 | D:3      | Reached XP level 4. HP: 31/33 MP: 6/10
  2082 | D:3      | Found an iron altar of Okawaru.
  2217 | D:3      | Learned a level 3 spell: Stone Arrow
  2302 | D:3      | Found a blossoming altar of Fedhas.
  2938 | D:4      | Found a staircase to the Ecumenical Temple.
  3078 | D:4      | Reached XP level 5. HP: 21/38 MP: 6/12
  3090 | D:4      | Reached skill level 5 in Earth Magic
  3575 | D:4      | Found an ornate altar of the Wu Jian Council.
  3701 | D:4      | Reached XP level 6. HP: 24/45 MP: 10/14
  4001 | D:4      | Learned a level 5 spell: Lee's Rapid Deconstruction
  4002 | D:5      | Entered Level 5 of the Dungeon
  4429 | D:5      | Noticed Menkaure
  4435 | D:5      | Killed Menkaure
  4435 | D:5      | Reached XP level 7. HP: 44/50 MP: 8/16
  4599 | D:5      | Found a snail-covered altar of Cheibriados.
  4776 | D:5      | Noticed Ijyb
  4782 | D:5      | Killed Ijyb
  4869 | D:5      | Noticed Sigmund
  4882 | D:5      | Killed Sigmund
  5708 | D:5      | Found an iron altar of Okawaru.
  5821 | D:5      | Learned a level 4 spell: Petrify
  5896 | D:6      | Noticed Grinder
  5897 | D:6      | Paralysed by Grinder for 5 turns
  5904 | D:6      | Paralysed by Grinder for 4 turns
  5918 | D:5      | Reached skill level 5 in Spellcasting
  5918 | D:5      | Reached XP level 8. HP: 19/57 MP: 1/19
  6264 | D:6      | Killed Grinder
  6375 | D:6      | Found a stormy altar of Qazlal.
  7010 | D:6      | Found a white marble altar of Elyvilon.
  7067 | D:6      | Noticed Blork the orc
  7080 | D:6      | Killed Blork the orc
  7289 | D:6      | Found a runed translucent door.
  7290 | D:6      | Noticed Crazy Yiuf
  7295 | D:6      | Killed Crazy Yiuf
  7525 | D:7      | Reached XP level 9. HP: 62/62 MP: 14/22
  7812 | D:7      | Found a stormy altar of Qazlal.
  7940 | D:7      | Reached skill level 10 in Earth Magic
  8627 | D:8      | Noticed Maggie
  8638 | D:8      | Killed Maggie
  8988 | D:8      | Found an ancient bone altar of Kikubaaqudgha.
  9029 | D:8      | Noticed Maurice
  9035 | D:8      | Killed Maurice
  9035 | D:8      | Reached skill level 1 in Fighting
  9197 | D:8      | Found a basalt altar of Yredelemnul.
  9559 | D:8      | Found Wienes's Distillery.
  9562 | D:8      | Bought a potion of flight for 48 gold pieces
  9562 | D:8      | Bought a potion of lignification for 48 gold pieces
  9562 | D:8      | Bought a potion of lignification for 48 gold pieces
  9634 | D:9      | Found a staircase to the Orcish Mines.
  9938 | D:9      | Found a staircase to the Lair.
  9951 | D:9      | Reached XP level 10. HP: 62/73 MP: 15/25
 10225 | D:9      | Got a steaming robe
 10240 | D:9      | Identified the +2 robe "Faso Yja" {Harm rPois MR+ Dex-3}
                  | (You found it on level 9 of the Dungeon)
 10451 | D:9      | Found a shattered altar of Ashenzari.
 10529 | D:10     | Entered Level 10 of the Dungeon
 10658 | D:10     | Noticed Psyche
 10660 | D:10     | Killed Psyche
 11133 | D:10     | Noticed Grum
 11137 | D:10     | Killed Grum
 11716 | D:10     | Noticed Josephine
 11720 | D:10     | Killed Josephine
 12099 | D:11     | Found a runed translucent door.
 12099 | D:11     | Found a shimmering altar of Xom.
 12099 | D:11     | Noticed Feamnylu's ghost (journeyman TrAK)
 12099 | D:11     | Noticed a +3 hand axe of chaos
 12219 | D:11     | Reached XP level 11. HP: 77/85 MP: 16/27
 12535 | D:11     | Noticed a queen ant
 12542 | D:11     | Reached skill level 5 in Fighting
 12556 | D:11     | Killed a queen ant
 14008 | D:11     | Killed a +3 hand axe of chaos
 14010 | D:11     | Killed Feamnylu's ghost
 14235 | D:12     | Found a shimmering altar of Xom.
 14334 | D:12     | Noticed Nessos
 14339 | D:12     | Noticed Nessos
 14339 | D:12     | Nessos changed into Nessos the yaktaur
 14340 | D:12     | Killed Nessos the yaktaur
 14348 | D:12     | Noticed Nergalle
 14354 | D:12     | Killed Nergalle
 14692 | D:12     | Noticed Urug
 14697 | D:12     | Killed Urug
 15225 | D:12     | Noticed a rakshasa
 15227 | D:12     | Killed a rakshasa
 15227 | D:12     | Reached XP level 12. HP: 97/97 MP: 18/30
 16458 | D:13     | Noticed a centaur warrior
 16465 | D:13     | Killed a centaur warrior
 16810 | D:13     | Reached skill level 10 in Spellcasting
 16837 | D:13     | Found a roughly hewn altar of Beogh.
 17195 | D:13     | Noticed a centaur warrior
 17204 | D:13     | Killed a centaur warrior
 17875 | D:14     | Reached skill level 15 in Earth Magic
 17877 | D:14     | Found Guseibb's Armour Shop.
 17913 | D:14     | Noticed a fire dragon
 17930 | D:14     | Killed a fire dragon
 17948 | D:14     | Found a gate leading to a gauntlet.
 17962 | Gauntlet | Entered a Gauntlet
 17962 | Gauntlet | Found a transporter.
 18208 | Gauntlet | Found a transporter.
 18211 | Gauntlet | Found a transporter.
 18212 | Gauntlet | Found a transporter.
 18216 | Gauntlet | Found a runed translucent door.
 18218 | Gauntlet | Found a runed translucent door.
 18220 | Gauntlet | Found a transporter.
 18223 | Gauntlet | Found a transporter.
 18224 | Gauntlet | Found a transporter.
 18235 | Gauntlet | Found a transporter.
 18236 | Gauntlet | Found a transporter.
 18236 | Gauntlet | Found a transporter.
 18242 | Gauntlet | Found a runed translucent gate.
 18242 | Gauntlet | Found a runed translucent gate.
 18244 | Gauntlet | Found a transporter.
 18244 | Gauntlet | Found a runed translucent gate.
 18247 | Gauntlet | Found a transporter.
 18248 | Gauntlet | Found a transporter.
 18255 | Gauntlet | Found a runed translucent door.
 18258 | Gauntlet | Found a transporter.
 18567 | Gauntlet | Reached XP level 13. HP: 106/108 MP: 12/32
 18890 | Gauntlet | Noticed a minotaur
 18902 | Gauntlet | Killed a minotaur
 18921 | Gauntlet | Identified Sif Muna's Collected Works on Flight
 18930 | Gauntlet | Got a shimmering long sword
 18953 | Gauntlet | Identified the +5 long sword "Vafuacoh" {antimagic, Stlth+}
                  | (You found it in a Gauntlet)
 19388 | D:14     | Found a gate to the Vaults.
 19590 | D:14     | Learned a level 2 spell: Blink
 20068 | D:15     | Entered Level 15 of the Dungeon
 20224 | Orc:1    | Entered Level 1 of the Orcish Mines
 20253 | Orc:1    | Reached skill level 1 in Shields
 20734 | Orc:2    | Entered Level 2 of the Orcish Mines
 21930 | Orc:1    | Found a roughly hewn altar of Beogh.
 22056 | Orc:1    | Found a roughly hewn altar of Beogh.
 22507 | Orc:2    | Noticed an orc warlord
 22534 | Orc:2    | Killed an orc warlord
 22564 | Orc:2    | Found a roughly hewn altar of Beogh.
 22892 | Orc:2    | Found Werex's Antique Armour Emporium.
 23748 | Orc:2    | Found a staircase to the Elven Halls.
 23799 | Orc:2    | Reached XP level 14. HP: 119/119 MP: 23/34
 24094 | Orc:2    | Noticed an orc warlord
 24110 | Orc:2    | Killed an orc warlord
 24778 | Orc:2    | Found Miulipriv's Jewellery Emporium.
 24853 | Orc:2    | Found a roughly hewn altar of Beogh.
 24873 | Orc:2    | Reached skill level 10 in Fighting
 25101 | Orc:2    | Found Yliw Rych's Antique Weapon Boutique.
 25404 | Orc:2    | Found Baox's General Store.
 25409 | Orc:2    | Bought a scroll of identify for 24 gold pieces
 25409 | Orc:2    | Bought a scroll of teleportation for 36 gold pieces
 25752 | Orc:2    | Bought an uncursed amulet of regeneration for 510 gold
                  | pieces
 25871 | Lair:1   | Entered Level 1 of the Lair of Beasts
 27513 | Lair:2   | Found a frozen archway.
 27522 | IceCv    | Entered an ice cave
 28653 | IceCv    | Noticed a frost giant
 28664 | IceCv    | Killed a frost giant
 28887 | Lair:2   | Noticed Fannar
 28946 | Lair:2   | Killed Fannar
 29222 | Lair:2   | Found a hole to the Spider Nest.
 30170 | Lair:3   | Reached XP level 15. HP: 129/129 MP: 29/36
 30850 | Lair:3   | Found a staircase to the Swamp.
 34581 | Lair:6   | Entered Level 6 of the Lair of Beasts
 34599 | Lair:6   | Noticed Kirke
 34604 | Lair:6   | Killed Kirke
 35653 | Lair:6   | Found a runed translucent gate.
 35653 | Lair:6   | Found a runed translucent gate.
 35653 | Lair:6   | Found a runed translucent gate.
 35657 | Lair:6   | Noticed SnubMonkey's ghost (journeyman VSFi)
 35659 | Lair:6   | Found a viscous altar of Jiyva.
 37278 | Lair:6   | Found a staircase to the Slime Pits.
 37576 | Lair:6   | Killed SnubMonkey's ghost
 37870 | Elf:1    | Entered Level 1 of the Elven Halls
 37882 | Elf:1    | Reached XP level 16. HP: 139/139 MP: 22/38
 38142 | Elf:1    | Found Qeurgh's Magic Scroll Shoppe.
 38184 | Elf:1    | Bought a scroll of identify for 32 gold pieces
 38184 | Elf:1    | Bought a scroll of blinking for 120 gold pieces
 38184 | Elf:1    | Bought a scroll of identify for 32 gold pieces
 38184 | Elf:1    | Bought 3 scrolls of teleportation for 144 gold pieces
 38184 | Elf:1    | Bought a scroll of blinking for 120 gold pieces
 38184 | Elf:1    | Bought a scroll of teleportation for 48 gold pieces
 38184 | Elf:1    | Bought a scroll of identify for 32 gold pieces
 38184 | Elf:1    | Bought a scroll of magic mapping for 56 gold pieces
 38201 | Elf:1    | Reached XP level 17. HP: 148/148 MP: 39/39
 38202 | Elf:1    | Reached XP level 18. HP: 156/156 MP: 40/40
 38438 | Elf:1    | Found a runed translucent gate.
 38438 | Elf:1    | Found a runed translucent gate.
 38438 | Elf:1    | Found a runed translucent gate.
 38438 | Elf:1    | Found a runed translucent gate.
 38438 | Elf:1    | Found a runed translucent gate.
 38440 | Elf:1    | Found a runed translucent gate.
 38464 | Elf:1    | Got a slimy falchion
 38465 | Elf:1    | Identified the +6 falchion "Beast's Foe" {vorpal, Stlth+}
                  | (You found it on level 1 of the Elven Halls)
 38756 | Elf:1    | Found Foeborani's Armour Shoppe.
 39126 | Elf:1    | Identified the Catalogue of Bile
 39738 | Elf:2    | Noticed Louise
 39741 | Elf:2    | Killed Louise
 40419 | Elf:2    | Found Lonnudy's Assorted Antiques.
 40423 | Elf:2    | Bought a potion of curing for 90 gold pieces
 40423 | Elf:2    | Bought a potion of curing for 90 gold pieces
 40423 | Elf:2    | Bought a potion of heal wounds for 150 gold pieces
 40423 | Elf:2    | Bought a scroll labeled LIUSOP WUHELL for 30 gold pieces
 40423 | Elf:2    | Bought a metal-bound book for 450 gold pieces
 40777 | Elf:2    | Found a huge runed translucent gate.
 40777 | Elf:2    | Found a huge runed translucent gate.
 40777 | Elf:2    | Found a huge runed translucent gate.
 40777 | Elf:2    | Found a huge runed translucent gate.
 40780 | Elf:2    | Found a huge runed translucent gate.
 42108 | Elf:3    | Entered Level 3 of the Elven Halls
 42927 | Elf:3    | Reached XP level 19. HP: 166/166 MP: 21/43
 43219 | Elf:3    | Got a brightly glowing helmet
 43224 | Elf:3    | Identified the +1 helmet of Darkness {MR+} (You found it on
                  | level 3 of the Elven Halls)
 43272 | Elf:3    | Got a pair of bloodstained boots
 43283 | Elf:3    | Identified the +1 pair of boots "Ebbaer" {rF+ Int+4} (You
                  | found it on level 3 of the Elven Halls)
 43316 | Elf:3    | Got a pitted wooden ring
 43318 | Elf:3    | Identified the ring "Hoan" {Wiz +Blink rF- rN+} (You found
                  | it on level 3 of the Elven Halls)
 43530 | Elf:3    | Got a faintly humming crystal plate armour
 43541 | Elf:3    | Identified the +10 crystal plate armour of Viny Knowledge
                  | {MR+} (You found it on level 3 of the Elven Halls)
 43943 | Orc:2    | Bought a glowing robe for 81 gold pieces
 44069 | Elf:1    | Bought a +1 helmet of intelligence for 231 gold pieces
 44599 | D:15     | Found a huge runed gate.
 44599 | D:15     | Found a huge runed gate.
 44599 | D:15     | Found a huge runed gate.
 44600 | D:15     | Found a huge runed gate.
 44600 | D:15     | Found a huge runed gate.
 44600 | D:15     | Found a huge runed gate.
 44601 | D:15     | Found a huge runed gate.
 44601 | D:15     | Found a huge runed gate.
 44602 | D:15     | Found a huge runed gate.
 45146 | D:15     | Found a staircase to the Depths.
 45156 | D:15     | Found a huge runed gate.
 45156 | D:15     | Found a huge runed gate.
 45156 | D:15     | Found a huge runed gate.
 45156 | D:15     | Found a huge runed gate.
 45156 | D:15     | Found a huge runed gate.
 45157 | D:15     | Found a huge runed gate.
 45158 | D:15     | Found a huge runed gate.
 45158 | D:15     | Found a huge runed gate.
 45160 | D:15     | Found a huge runed gate.
 45161 | D:15     | Found a huge runed gate.
 45161 | D:15     | Found a huge runed gate.
 45161 | D:15     | Found a huge runed gate.
 45161 | D:15     | Found a huge runed gate.
 45161 | D:15     | Found a huge runed gate.
 45162 | D:15     | Found a huge runed gate.
 45169 | D:15     | Found a huge runed gate.
 45169 | D:15     | Found a huge runed gate.
 45169 | D:15     | Found a huge runed gate.
 45184 | D:15     | Found a huge runed gate.
 45185 | D:15     | Found a huge runed gate.
 45186 | D:15     | Found a huge runed gate.
 45187 | D:15     | Found a huge runed gate.
 45215 | D:15     | Got a smoking gossamer ring
 45216 | D:15     | Identified the ring of Mof Iw Mah {rElec rPois rCorr Str+3
                  | Dex-3} (You found it on level 15 of the Dungeon)
 45238 | D:15     | Found a huge runed gate.
 45242 | D:15     | Found a huge runed gate.
 45242 | D:15     | Found a huge runed gate.
 45243 | D:15     | Found a huge runed gate.
 45244 | D:15     | Found a huge runed gate.
 45759 | D:15     | Got a fading leather armour
 45771 | D:15     | Identified the +1 leather armour of Ferocious Freedom
                  | {*Slow +Blink Str+4} (You found it on level 15 of the
                  | Dungeon)
 46105 | Swamp:1  | Entered Level 1 of the Swamp
 46605 | Swamp:1  | Learned a level 2 spell: Sublimation of Blood
 47656 | Swamp:2  | Reached skill level 15 in Spellcasting
 47853 | Swamp:2  | Reached skill level 1 in Armour
 48218 | Swamp:2  | Identified Kofeassu's Compendium of Toxins and Clay
 48863 | Swamp:2  | Got a fine dagger
 48864 | Swamp:2  | Identified the +2 dagger of Sulphur {venom, *Slow rElec
                  | rF++} (You found it on level 2 of the Swamp)
 49085 | Swamp:3  | Noticed Donald
 49094 | Swamp:3  | Killed Donald
 49620 | Swamp:3  | Learned a level 5 spell: Borgnjor's Vile Clutch
 49623 | Swamp:3  | Learned a level 2 spell: Swiftness
 50027 | Swamp:4  | Entered Level 4 of the Swamp
 50098 | Swamp:4  | Noticed the 27-headed Lernaean hydra
 50308 | Swamp:4  | Reached skill level 15 in Fighting
 50892 | Swamp:4  | Got a decaying rune of Zot
 51182 | Swamp:4  | Reached XP level 20. HP: 112/178 MP: 27/45
 51314 | Swamp:4  | Killed the 27-headed Lernaean hydra
 52344 | Spider:1 | Entered Level 1 of the Spider Nest
 53752 | Spider:2 | Noticed Agnes
 53767 | Spider:2 | Killed Agnes
 55287 | Spider:4 | Entered Level 4 of the Spider Nest
 55633 | Spider:4 | Noticed Arachne
 55645 | Spider:4 | Killed Arachne
 56043 | Spider:4 | HP: 2/182 [wolf spider (16)]
 56767 | Spider:4 | Identified Roxanne's Guide on Transformation
 56767 | Spider:4 | Noticed Roxanne
 56770 | Spider:4 | Killed Roxanne
 57306 | Spider:4 | Got a gossamer rune of Zot
 57667 | Vaults:1 | Entered Level 1 of the Vaults
 59300 | Vaults:2 | Identified the Reference Book on the Ashen Voyage
 59311 | Vaults:2 | Learned a level 8 spell: Controlled Blink
 59363 | Vaults:2 | Reached skill level 1 in Translocations
 59648 | Vaults:2 | Reached XP level 21. HP: 180/191 MP: 1/48
 60016 | Vaults:2 | Noticed Aizul
 60019 | Vaults:2 | Killed Aizul
 60285 | Vaults:2 | Found a staircase to the Crypt.
 60333 | Vaults:2 | Found Beoj's Book Boutique.
 60341 | Vaults:2 | Bought a book of Annihilations for 1766 gold pieces
 60654 | Vaults:2 | Reached skill level 5 in Translocations
 61060 | Vaults:3 | Noticed Mennas
 61630 | Vaults:3 | You fall into a shaft and drop 1 floor!
 63556 | Vaults:3 | Killed Mennas
 64782 | Depths:1 | Entered Level 1 of the Depths
 64904 | Depths:2 | Reached skill level 10 in Translocations
 64939 | Depths:2 | HP: 8/191 [frost giant/bolt of cold (60)]
 65224 | Depths:2 | Identified the cursed ring of Cupt {Str-4 Slay+2}
 65454 | Depths:2 | Noticed Nikola
 65468 | Depths:2 | Killed Nikola
 66032 | Depths:1 | Found a gateway to Hell.
 66039 | Depths:1 | Got a bloodstained dagger
 66041 | Depths:1 | Identified the +6 dagger of the Everdark {vamp, Dex+3} (You
                  | found it on level 1 of the Depths)
 66536 | Depths:2 | Reached XP level 22. HP: 109/199 MP: 18/50
 67198 | Depths:2 | Identified the cursed ring of Opunnast {rC+ AC-4}
 67380 | Depths:2 | Found a one-way gate to the infinite horrors of the Abyss.
 67861 | Depths:1 | Found a gateway to a ziggurat.
 68489 | Depths:1 | Noticed a juggernaut
 68610 | Depths:1 | Identified the Reference Book on Conjuration
 68748 | Depths:1 | Killed a juggernaut
 69730 | Depths:3 | Found a one-way gate leading to the halls of Pandemonium.
 70304 | Depths:3 | Noticed a juggernaut
 70305 | Depths:3 | Identified the amulet "Roipied" {RegenMP rC+ Int+4}
 70314 | Depths:3 | Noticed an ancient lich
 70688 | Depths:3 | Killed a juggernaut
 70846 | Depths:3 | Killed an ancient lich
 70877 | Depths:3 | Got a distressingly furry ring mail
 70879 | Depths:3 | Identified a scroll of acquirement
 70880 | Depths:3 | Identified the +1 ring mail "Wogiotz" {rF+ rN+ Regen+} (You
                  | found it on level 3 of the Depths)
 71768 | Depths:4 | Reached skill level 15 in Translocations
 71908 | Depths:4 | Reached XP level 23. HP: 155/205 MP: 41/52
 72164 | Depths:4 | Acquired 770 gold pieces
 72170 | Depths:4 | Acquired 860 gold pieces
 73132 | Depths:4 | Noticed Frederick
 73135 | Depths:4 | Killed Frederick
 73226 | Depths:5 | Entered Level 5 of the Depths
 73889 | Depths:5 | Got an ichor-stained dagger
 75099 | Depths:4 | Identified the +1 dagger of the Unspeakable One {freeze,
                  | rElec rN+ Str+2 Stlth-} (You found it on level 5 of the
                  | Depths)
 75984 | Depths:5 | Found a runed translucent door.
 76018 | Depths:5 | Found a runed translucent door.
 76019 | Depths:5 | Found a runed translucent door.
 76034 | Depths:5 | Found a runed translucent door.
 76126 | Depths:5 | Found a runed translucent door.
 76143 | Depths:5 | Found a runed translucent door.
 76276 | Depths:5 | Found a gate to the Realm of Zot.
 76803 | Vaults:2 | Bought a manual of Fire Magic for 1766 gold pieces
 77539 | Vaults:5 | Entered Level 5 of the Vaults
 77757 | Vaults:5 | Reached XP level 24. HP: 214/214 MP: 31/54
 78347 | Vaults:5 | Identified the +4 arbalest of the Dark Horse {elec,
                  | *Corrode rF+ Str+4 SInv}
 78440 | Vaults:5 | Got a coiled tin amulet
 78451 | Vaults:5 | Reached skill level 1 in Fire Magic
 78474 | Vaults:5 | Identified the amulet "Edezim" {Inacc rElec MP+9 Int-4
                  | Dex-3} (You found it on level 5 of the Vaults)
 78659 | Vaults:5 | Got a dazzling cloak
 78665 | Vaults:5 | Identified the +2 cloak "Mez Xuj" {Stlth+} (You found it on
                  | level 5 of the Vaults)
 78725 | Vaults:5 | Reached skill level 5 in Fire Magic
 79009 | Vaults:5 | Identified the +3 shortbow of Zin's Whim {venom, Int+5}
 79182 | Vaults:5 | Reached skill level 10 in Fire Magic
 79296 | Vaults:5 | Got a twisted cloak
 79298 | Vaults:5 | Identified the +1 cloak of the Eternal Fruit {*Slow rN+
                  | Str+2 Dex+4 SInv} (You found it on level 5 of the Vaults)
 79414 | Vaults:5 | Got a silver rune of Zot
 80015 | Vaults:5 | Got a fine scale mail
 80017 | Vaults:5 | Identified the +5 scale mail "Xamerif" {Int+4} (You found
                  | it on level 5 of the Vaults)
 80274 | Depths:1 | Voluntarily entered the Abyss.
 80471 | Abyss:1  | Reached skill level 1 in Conjurations
 81013 | Abyss:1  | Reached skill level 5 in Conjurations
 81201 | Abyss:1  | Reached XP level 25. HP: 131/221 MP: 14/55
 81223 | Depths:1 | Escaped the Abyss
 81344 | Zig:1    | Entered Level 1 of a ziggurat
 81465 | Zig:2    | Entered Level 2 of a ziggurat
 81512 | Zig:2    | Learned a level 1 spell: Apportation
 81519 | Zig:2    | Learned a level 6 spell: Statue Form
 81522 | Zig:2    | Learned a level 2 spell: Shroud of Golubria
 81529 | Zig:2    | Learned a level 6 spell: Conjure Ball Lightning
 81539 | Zig:2    | Learned a level 9 spell: Fire Storm
 81542 | Zig:3    | Entered Level 3 of a ziggurat
 81617 | Zig:3    | Got an ancient lead ring
 81623 | Zig:3    | Identified the ring "Purastew" {Wiz rElec rC- Str+8} (You
                  | found it on level 3 of a ziggurat)
 81780 | Zig:4    | Entered Level 4 of a ziggurat
 81966 | Zig:5    | Entered Level 5 of a ziggurat
 82031 | Zig:5    | Identified the Volume of Calling and Augmentations
 82036 | Zig:5    | Got a masterwork morningstar
 82176 | Zig:6    | Entered Level 6 of a ziggurat
 82270 | Zig:7    | Entered Level 7 of a ziggurat
 82276 | Zig:7    | Noticed Meineano the pandemonium lord
 82289 | Zig:7    | Identified the Collected Works on Congealing Earth
 82292 | Zig:8    | Entered Level 8 of a ziggurat
 82342 | Zig:8    | Gained mutation: [Scrolls take you a little longer to
                  | read.] [mutagenic glow]
 82343 | Zig:8    | Reached XP level 26. HP: 44/228 MP: 26/55
 82364 | Zig:9    | Entered Level 9 of a ziggurat
 82367 | Zig:9    | Gained mutation: [You are dopey. (Int -2)] [mutagenic glow]
 82791 | Zig:9    | Learned a level 7 spell: Malign Gateway
 82807 | Zig:9    | Reached skill level 10 in Conjurations
 82832 | Zig:9    | Got a slimy zirconium amulet
 82864 | Zig:9    | Got a scorched ruby amulet
 82869 | Zig:10   | Entered Level 10 of a ziggurat
 83107 | Zig:10   | Found the +7 Spriggan's Knife {stab, EV+4 Stlth+}
 83146 | Zig:10   | Got a slimy marble ring
 83432 | Zig:10   | Identified the amulet of Uluthoqa {Reflect +Inv SH+5} (You
                  | found it on level 9 of a ziggurat)
 83434 | Zig:11   | Entered Level 11 of a ziggurat
 83439 | Zig:11   | Noticed Dururoolo the pandemonium lord
 83443 | Zig:11   | Identified Fulu's Compendium of Ashen Transformation
 83452 | Zig:12   | Entered Level 12 of a ziggurat
 83818 | Zig:12   | Lost mutation: [You are dopey. (Int -2)] [potion of
                  | mutation]
 83818 | Zig:12   | Lost mutation: [Scrolls take you a little longer to read.]
                  | [potion of mutation]
 83818 | Zig:12   | Gained mutation: [Your body sometimes deteriorates upon
                  | taking damage.] [potion of mutation]
 83818 | Zig:12   | Gained mutation: [You tend to lose your temper in combat.]
                  | [potion of mutation]
 83818 | Zig:12   | Gained mutation: You are partially covered in iridescent
                  | scales. (AC +2) [potion of mutation]
 83819 | Zig:12   | Lost mutation: [Your body sometimes deteriorates upon
                  | taking damage.] [potion of mutation]
 83819 | Zig:12   | Lost mutation: You are partially covered in iridescent
                  | scales. (AC +2) [potion of mutation]
 83819 | Zig:12   | Lost mutation: [You tend to lose your temper in combat.]
                  | [potion of mutation]
 83819 | Zig:12   | Gained mutation: You expend magic power (3 MP) to
                  | strengthen your wands. [potion of mutation]
 83819 | Zig:12   | Gained mutation: You possess an exceptional clarity of
                  | mind. [potion of mutation]
 83819 | Zig:12   | Gained mutation: You have a pair of small horns on your
                  | head. [potion of mutation]
 83820 | Zig:12   | Lost mutation: You possess an exceptional clarity of mind.
                  | [potion of mutation]
 83820 | Zig:12   | Gained mutation: Your mind is acute. (Int +2) [potion of
                  | mutation]
 83820 | Zig:12   | Gained mutation: [You tend to lose your temper in combat.]
                  | [potion of mutation]
 83820 | Zig:12   | Gained mutation: Your muscles are strong. (Str +2) [potion
                  | of mutation]
 83821 | Zig:12   | Lost mutation: You expend magic power (3 MP) to strengthen
                  | your wands. [potion of mutation]
 83821 | Zig:12   | Lost mutation: You have a pair of small horns on your head.
                  | [potion of mutation]
 83821 | Zig:12   | Lost mutation: [You tend to lose your temper in combat.]
                  | [potion of mutation]
 83821 | Zig:12   | Lost mutation: Your muscles are strong. (Str +2) [potion of
                  | mutation]
 83821 | Zig:12   | Gained mutation: [You occasionally shout uncontrollably at
                  | your foes.] [potion of mutation]
 83821 | Zig:12   | Gained mutation: You evolve. [potion of mutation]
 83821 | Zig:12   | Gained mutation: You are weak. (Str -2) [potion of
                  | mutation]
 83821 | Zig:12   | Gained mutation: Your flesh is heat resistant. (rF+)
                  | [potion of mutation]
 83836 | Zig:12   | Noticed an ancient lich
 83862 | Zig:13   | Entered Level 13 of a ziggurat
 83884 | Zig:13   | HP: 9/182 [??? (9)]
 83885 | Zig:13   | HP: 4/182 [cherub/arrow (2)]
 83890 | Zig:13   | HP: 6/159 [torturous blood saint/fireball (9)]
 83890 | Zig:13   | Killed from afar by a torturous blood saint

Illustrated notes

Levels and vault maps discovered:
D:1:      kennysheep_arrival_forest, layout_rooms
D:2:      layout_basic, xom_redecorated, lemuel_doored_altar
D:3:      layout_loops_ring, kennysheep_slug_shrine, fedhas_altar_3,
          kennysheep_okawaru_gauntlet, dk_noncrumbling_3, kennysheep_nub,
          chequers_serial_rivers_small_3, eino_tiny_chamber
D:4:      layout_basic, nicolae_overflow_crystal_walls,
          minmay_temple_entry_gardened_gates
D:5:      layout_basic, first_ration, nicolae_ossuary_entry_plus, basic_altar,
          chei_slow_surprise, uniq_menkaure, uniq_ijyb, uniq_sigmund
D:6:      layout_rooms, old_standard_altar, grunt_qazlal_sundering,
          uniq_crazy_yiuf_cottage, uniq_blork_the_orc, uniq_grinder
D:7:      layout_loops_ring, kennysheep_mini, enter_bailey_3
D:8:      layout_cave_pools, lemuel_round_altar, lemuel_crystal_altar,
          serial_shops, nicolae_shop_trees, uniq_maurice, uniq_maggie
D:9:      layout_rooms, lemuel_round_altar, david_lair_generic,
          hangedman_fish_farm
D:10:     layout_gridville, evilmike_butchery, uniq_psyche, uniq_josephine,
          uniq_grum
D:11:     layout_stronghold, ebering_ghost_xom, minivault_29
D:12:     layout_basic, basic_altar, special_room [special_room_bee],
          uniq_nergalle, uniq_nessos, uniq_urug
D:13:     layout_roguey [special_room_orc]
D:14:     layout_roguey, david_vaults_1, serial_shops, shop,
          gauntlet_entry_generic
D:15:     hangedman_depths_entry_civil_slaughter, layout_basic,
          hangedman_abyss_or_decor_passed, door_vault
Lair:1:   layout_regular_city, lemuel_fruit_tree, grunt_megastairs_3
Lair:2:   layout_long_grid, nicolae_spider_entry_orb_guardian,
          portal_ice_cave_entry_imps, grunt_megastairs_5, uniq_fannar
Lair:3:   beast_lair_carwin_large_1, layout_chaotic_city,
          nicolae_swamp_entry_splash_gauntlet, infiniplex_staircase_pool
Lair:4:   layout_regular_city
Lair:5:   beast_lair_carwin_large_4, layout_cave_pods, ice2_lemuel,
          serial_bayou_shore_a
Lair:6:   minmay_lair_end_enchanted_forest, layout_cave_pods,
          minmay_slime_entry_jelly_boxes, special_room
          [special_room_mythical_zoo], gammafunk_ghost_ooze,
          kennysheep_abandoned_house, uniq_kirke
Swamp:1:  layout_basic_swamp, hangedman_swamp_lotus, swamp_pool4
Swamp:2:  layout_basic_swamp, hangedman_swamp_ruin_hall, swamp_pool4,
          worms_lemuel
Swamp:3:  layout_falls_marsh, evilmike_swamp_ruin_house_5, uniq_donald
Swamp:4:  swamp_alternative, layout_basic_swamp, swamp_pool4,
          infiniplex_staircase_pool_2
Spider:1: layout_spider_delve
Spider:2: layout_spider_delve, uniq_agnes
Spider:3: layout_spider_delve
Spider:4: spider_rune_water, uniq_roxanne, uniq_arachne
Orc:1:    layout_caves, basic_altar, minmay_orc_temple_b
Orc:2:    pubby_orc_utopia, serial_shops
Elf:1:    eino_elf_arrival_shootout, layout_loops_ring, serial_shops, shop,
          shop, orc_legates, minmay_elf_demonology
Elf:2:    layout_geoelf_diagonals, serial_shops, shop,
          hangedman_corner_corridor, uniq_louise
Elf:3:    grunt_elf_hall_branching, layout_geoelf_grid, minivault_25
Vaults:1: hangedman_vaults_unwind, vaults_dpeg_cross, v_pattern_2, v_misc_17,
          ontoclasm_vaults_shuriken, vaults_room_grid,
          vaults_room_grunt_arrival_checkpoint, layout_vaults_quadrants
Vaults:2: minmay_crypt_entry_vampire_xt, hangedman_vaults_maws,
          vaults_room_boxed, vaults_room_octagon, vaults_mumra_chevron_long,
          st_cross, vaults_dpeg_diagonal, layout_vaults_maze_bifur,
          serial_shops, nicolae_shop_stone, uniq_aizul
Vaults:3: nicolae_vaults_big_angled_halls, nicolae_vaults_ninety_degrees,
          v_misc_22, hangedman_vaults_hat, v_misc_11, v_misc_22,
          vaults_mumra_chevron, nicolae_vaults_little_squares_1,
          hangedman_vaults_maws, v_alt_pattern_3, ontoclasm_vaults_chip,
          layout_vaults_ring, uniq_mennas, uniq_margery
Vaults:4: v_misc_17, v_alt_pattern_3, v_misc_25, v_misc_17,
          hangedman_vaults_maws, nicolae_vaults_network_star, vaults_mumra_hex,
          v_rooms_4, ontoclasm_vaults_gateway, nicolae_vaults_ring_of_whatevers,
          v_misc_14, ontoclasm_vaults_decontamination,
          layout_vaults_chaotic_city
Vaults:5: serial_shops
Depths:1: layout_basic, enter_ziggurat_d, lightli_too_deep,
          minmay_misc_feat_roman, abyss_entry, grunt_tough_drop
Depths:2: cross_vault, layout_cave_shapes, abyss_entry_small_statue_room,
          hangedman_decor_riveting, hangedman_coc_ice_floe, drop_trap,
          infiniplex_staircase_door_maze, uniq_nikola
Depths:3: cell_vault, layout_gridlike, serial_sigils_hangedman_gut, pan_entry,
          pf_hell_entry_great_geh, abyss_entry, minmay_guarded_unrand_curses,
          infiniplex_staircase_star
Depths:4: hangedman_crystal_crosses_colossus [crystal_crosses_arms_four,
          crystal_crosses_arms_four, crystal_crosses_arms_one,
          crystal_crosses_arms_one], abyss_entry, pan_entry, hell_entry,
          serial_shops, uniq_frederick
Depths:5: evilmike_zot_entry_castle, layout_basic, hell_entry,
          rand_demon_pan_entry_7
Zig:13

Skill      XL: |  1  2  3  4  5  6  7  8  9 10 11 12 13 14 15 16 17 18 19 20 21 22 23 24 25 26 |
---------------+-------------------------------------------------------------------------------+-----
Earth Magic    | 3 4 5 6 7 9 11 12 14 15 16 17 19 20 21 | 21.7
Spellcasting   | 2 3 4 5 6 7 8 9 10 11 12 13 14 15 17 18 19 20 21 | 21.6
Fighting       | 2 4 6 8 9 11 12 13 15 17 | 17.0
Shields        | 3 |  3.5
Dodging        | 2 |  2.8
Armour         | 1 |  1.7
Translocations | 3 11 15 17 | 17.4
Fire Magic     | 11 | 11.2
Conjurations   | 6 9 11 | 11.4
Stealth        | |  1.7
Transmutations | |  0.8

Action                   |  1- 3 |  4- 6 |  7- 9 | 10-12 | 13-15 | 16-18 | 19-21 | 22-24 | 25-27 || total
-------------------------+-------+-------+-------+-------+-------+-------+-------+-------+-------++-------
Melee: Unarmed           |    41 |     5 |       |       |       |       |       |       |       ||    46
       Dagger            |       |    97 |   227 |   146 |   392 |       |       |       |       ||   862
       Falchion          |       |       |       |       |       |     2 |    27 |    14 |       ||    43
Throw: Stone             |       |       |       |       |       |     2 |       |       |     1 ||     3
 Cast: Sandblast         |    36 |    59 |    63 |   139 |   242 |    23 |   178 |    19 |       ||   759
       Stone Arrow       |       |       |    68 |    39 |   319 |    37 |   357 |    77 |    26 ||   923
       Lee's Rapid Decon |       |       |    16 |    92 |   225 |   141 |   619 |   706 |    31 ||  1830
       Petrify           |       |       |     1 |    10 |    21 |       |   130 |    38 |    20 ||   220
       Blink             |       |       |       |       |     1 |       |    41 |    20 |     5 ||    67
       Sublimation of Bl |       |       |       |       |       |       |    33 |    35 |     1 ||    69
       Borgnjor's Vile C |       |       |       |       |       |       |     3 |       |       ||     3
       Controlled Blink  |       |       |       |       |       |       |       |    12 |    27 ||    39
       Conjure Ball Ligh |       |       |       |       |       |       |       |       |    15 ||    15
       Shroud of Golubri |       |       |       |       |       |       |       |       |     7 ||     7
       Apportation       |       |       |       |       |       |       |       |       |     5 ||     5
Evoke: Wand              |       |       |    12 |    22 |    39 |     3 |    33 |     5 |     3 ||   117
       Tin of tremorston |       |       |       |       |     2 |     8 |     8 |       |     1 ||    19
       Lightning rod     |       |       |       |       |       |     4 |     3 |       |       ||     7
       Box of beasts     |       |       |       |       |       |       |     4 |       |     2 ||     6
       Phial of floods   |       |       |       |       |       |       |     1 |       |     1 ||     2
       Phantom mirror    |       |       |       |       |       |       |       |       |     4 ||     4
  Use: Scroll            |     1 |     1 |     9 |    16 |    14 |     8 |    31 |    20 |     7 ||   107
       Potion            |       |       |       |     4 |     4 |     5 |    13 |    11 |    26 ||    63
 Stab: Sleeping          |     3 |     1 |     1 |       |     7 |       |     1 |       |       ||    13
       Distracted        |       |     1 |       |       |     3 |       |       |       |       ||     4
       Petrified         |       |       |     3 |     7 |     4 |       |       |       |       ||    14
       Petrifying        |       |       |       |       |       |       |     1 |       |       ||     1
  Eat: Chunk             |     3 |     8 |    18 |    21 |    51 |     2 |    18 |    12 |       ||   133
       Ration            |       |       |     1 |     6 |     5 |     4 |    17 |    10 |     3 ||    46
Armor: Ring mail         |     3 |       |    72 |     4 |       |       |       |       |       ||    79
       Leather armour    |     1 |    30 |    49 |       |       |       |       |       |       ||    80
       Robe              |       |       |       |    57 |   275 |    11 |   143 |    23 |    21 ||   530
       Skin              |       |       |       |    70 |     1 |       |       |       |       ||    71
Dodge: Dodged            |    37 |    87 |   176 |   146 |   452 |    25 |   282 |    73 |    19 ||  1297
       Repelled          |       |       |       |       |       |     9 |    43 |    27 |    13 ||    92
Block: Buckler           |       |       |       |       |   133 |    13 |   175 |    47 |    24 ||   392
       Rpst.: Falchion   |       |       |       |       |       |     2 |    40 |     9 |     1 ||    52
